 Dungeon Crawl Stone Soup version 0.29.1-12-g30fa7ad0bf (webtiles) character file.

Game seed: 3174486765095495964

140937 nightchill the Severer (level 16, -1/138 HPs)
             Began as a Demonspawn Abyssal Knight on Jan 9, 2023.
             Was the Champion of Lugonu.
             Succumbed to Aizul's bolt of poison
             ... on level 1 of the Elven Halls.
             The game lasted 01:51:57 (37906 turns).

nightchill the Severer (Demonspawn Abyssal Knight) Turns: 37906, Time: 01:51:57

Health: -1/138     AC: 28    Str: 21    XL:     16   Next: 77%
Magic:  10/28      EV:  8    Int: 12    God:    Lugonu [******]
Gold:   577        SH:  5    Dex: 14    Spells: 15/15 levels left

rFire   + . .      SeeInvis +   a - +7 broad axe (vamp)
rCold   . . .      Faith    +   X - +0 buckler
rNeg    . . .      Spirit   +   k - +0 storm dragon scales
rPois   .          Reflect  .   W - +2 hat {Will+}
rElec   +          Harm     .   O - +0 cloak
rCorr   .          Rampage  .   L - +3 pair of gauntlets of War {Slay+5}
Will    +++..                   l - +0 pair of boots
Stlth   ..........              t - amulet of faith
HPRegen 0.33/turn               Q - ring of see invisible
MPRegen 0.42/turn               Z - ring of willpower

@: lethally poisoned (-1 -> -19)
A: hooves 2, molten scales 3, ignite blood 2, magic shield, magic regeneration
a: Renounce Religion, Depart the Abyss, Bend Space, Banish, Corrupt, Enter the
Abyss


You were on level 1 of the Elven Halls.
You worshipped Lugonu.
Lugonu was exalted by your worship.
You visited 5 branches of the dungeon, and saw 27 of its levels.
You visited the Abyss 1 time.
You visited 1 bazaar.

You collected 2466 gold pieces.
You spent 1889 gold pieces at shops.

Inventory:

Hand Weapons
 a - a +7 vampiric broad axe (weapon)
 b - a +3 war axe of distortion
 w - the +4 sling of Honour {freeze, rC+}
   (You found it on level 5 of the Lair of Beasts)

   Any ammunition fired from it freezes those it strikes, dealing additional
   cold damage.
   It can also slow down cold-blooded creatures.
   rC:        It protects you from cold.
Missiles
 g - 58 poisoned darts
 D - 2 throwing nets (quivered)
 N - 7 atropa-tipped darts
 S - 5 datura-tipped darts
Armour
 k - +0 storm dragon scales (worn)
 l - a +0 pair of boots (worn)
 m - the +8 orange crystal plate armour {Archmagi, Int+3 Clar}
   (You acquired it on level 13 of the Dungeon)

   Int:       It affects your intelligence (+3).
   Clar:      It protects you against confusion.
 L - the +3 pair of gauntlets of War (worn) {Slay+5}
   (You bought it in a shop on level 10 of the Dungeon)

   Slay:      It affects your accuracy & damage with ranged weapons and melee
   (+5).
 O - a +0 cloak (worn)
 W - a +2 hat of willpower (worn)
 X - a +0 buckler (worn)
Jewellery
 n - a ring of flight
 q - a ring of magical power
 r - a ring of magical power
 t - an amulet of faith (around neck)
 x - a ring of fire
 E - a +4 ring of evasion
 Q - a ring of see invisible (left hand)
 T - a ring of magical power
 Z - a ring of willpower (right hand)
Wands
 c - a wand of acid (5)
 s - a wand of flame (15)
 u - a wand of polymorph (7)
 G - a wand of mindburst (41)
 U - a wand of iceblast (29)
 V - a wand of charming (14)
Scrolls
 d - 6 scrolls of immolation
 o - 3 scrolls of fog
 p - 11 scrolls of teleportation
 y - a scroll of poison
 z - 2 scrolls of vulnerability
 F - 7 scrolls of enchant armour
 K - a scroll of summoning
 M - 2 scrolls of blinking
 P - 4 scrolls of fear
 Y - 8 scrolls of identify
Potions
 e - 6 potions of haste
 f - 10 potions of curing
 h - 5 potions of might
 i - 3 potions of mutation
 j - 5 potions of attraction
 v - 10 potions of heal wounds
 A - 2 potions of invisibility
 B - a potion of magic
 C - a potion of brilliance
 H - 5 potions of ambrosia
 J - 6 potions of lignification
Miscellaneous
 I - a phantom mirror
 R - a lightning rod (4/4)


   Skills:
 + Level 16.0 Fighting
 - Level 18.0 Axes
 + Level 10.4 Armour
 - Level 0.8 Dodging
 - Level 5.0 Shields
 + Level 17.7 Invocations


You had 15 spell levels left.
You didn't know any spells.
Your spell library contained the following spells:

 Spells                   Type           Power      Damage    Failure   Level
 Foxfire                  Conj/Fire      0%         2x1d4     95%         1
 Freeze                   Ice            0%         1d3       95%         1
 Magic Dart               Conj           0%         1d3       95%         1
 Searing Ray              Conj           0%         2d4       99%         2
 Conjure Flame            Conj/Fire      0%         6-21      100%        3
 Frozen Ramparts          Ice            0%         1d1       100%        3
 Gell's Gravitas          Tloc           0%         N/A       100%        3
 Ignite Poison            Fire/Tmut/Pois 0%         N/A       100%        3
 Inner Flame              Hex/Fire       0%         N/A       100%        3
 Lesser Beckoning         Tloc           0%         N/A       100%        3
 Ozocubu's Armour         Ice            0%         N/A       100%        3
 Portal Projectile        Hex/Tloc       0%         N/A       100%        3
 Teleport Other           Tloc           0%         N/A       100%        3
 Tukima's Dance           Hex            0%         N/A       100%        3
 Flame Wave               Conj/Fire      0%         2d4       100%        4
 Fulminant Prism          Conj/Hex       0%         3d6       100%        4
 Hailstorm                Conj/Ice       0%         3d3       100%        4
 Iskenderun's Mystic Bla  Conj/Tloc      0%         2d3       100%        4
 Sticky Flame             Conj/Fire      0%         2d3       100%        4
 Summon Ice Beast         Ice/Summ       0%         N/A       100%        4
 Summon Lightning Spire   Summ/Air       0%         N/A       100%        4
 Blade Hands              Tmut           0%         N/A       100%        5
 Lee's Rapid Deconstruct  Erth           0%         3d5*      100%        5
 Ozocubu's Refrigeration  Ice            0%         4d7       100%        7
 Summon Horrible Things   Summ           0%         N/A       100%        8


Dungeon Overview and Level Annotations

Branches:
Dungeon (15/15)            Temple (0/1) D:5            Lair (5/5) D:11
  Swamp (3/4) Lair:3       Spider (0/4) Lair:2        Slime (0/5) Lair:5
    Orc (2/2) D:12            Elf (2/3) Orc:2        Vaults (0/5) D:14
 Depths: D:15

Altars:
Kikubaaqudgha
Qazlal
Sif Muna
Wu Jian
Xom
Jiyva

Shops:
D:9 ((*   D:10 [   D:11 [   Orc:2 *[:(

Annotations:
D:2 exclusion: downstairs
D:3 exclusion: downstairs
D:4 exclusion: 2 downstairs
D:6 exclusion: downstairs
D:7 exclusion: downstairs
D:8 !bees, 2 transporters, diceflayer's ghost, novice DsHu
D:10 exclusion: downstairs
D:12 exclusion: downstairs
D:13 exclusion: downstairs
Lair:4 exclusion: upstairs
Swamp:1 1 runed translucent door, exclusion: door, popps's ghost, adept MiBe
Swamp:2 exclusion: downstairs
Elf:1 exclusion: downstairs
Elf:2 corrupted, Aizul
Abyss:1 Amaemon; Dowan; Duvessa; Menkaure; Nergalle; Psyche; Rupert; Sigmund; Snorg


Innate Abilities, Weirdness & Mutations

You have hoof-like feet.
You are completely covered in molten scales. (AC +4, rF+)
Your demonic aura often causes spilled blood to erupt in flames.
When hurt, damage is shared between your health and your magic reserves.
You regenerate magic rapidly.


Message History

You hit Aizul but do no damage.
Aizul is moderately wounded.
You feel very sick.
Aizul is engulfed in blazing flames.
Aizul barely misses you.
Aizul is engulfed in blazing flames.
Aizul casts a spell at you. The bolt of poison hits you!
You are more poisoned.
* * * LOW HITPOINT WARNING * * *
Press: ? - help, Shift-Dir - straight line, f - Aizul
Aim: Aizul (flame, heavily wounded, chance to affect: 15%)
Okay, then.
You feel better.
Aizul is engulfed in blazing flames.
Aizul casts a spell at you. The poison arrow hits you!!!
You are poisoned.
* * * LOW HITPOINT WARNING * * *
You feel better.
Aizul coils herself and waves her upper body at you.
The poison arrow hits you but does no damage.
You are poisoned.
Aizul coils herself and waves her upper body at you.
The bolt of poison hits you!!
You are more poisoned.
* * * LOW HITPOINT WARNING * * *
* * * LOW HITPOINT WARNING * * *
You feel extremely sick.
Blink to where?
Press: ? - help, Dir - move target
As you read the scroll of blinking, it crumbles to dust.
* * * LOW HITPOINT WARNING * * *
You feel extremely sick. Aizul casts a spell at you.
You resist with almost no effort.
* * * LOW HITPOINT WARNING * * *
You feel very sick.
Aizul says, "I wasn't actually sleeping!"
You climb upwards.
Level annotation: exclusion: downstairs You die...

.# ##'#'#'## #.# #.......# .#
##.##.##.## #.# ##.....## .#
##.###.###.## #.# ##...##
'###.## #.# ##.###.# ##'##
...'## #.# ##.##.# #.# ...##
#.# ##'#'## #.# ....# #.#
##...# #.# ....# #.# ##...##
#.# ....# #.# #@....# #.#
...## #.# ##'...## #.# ...'##
#.# ##.#...'## #.#
####.####'####.######.## #.#
##.##...##.## ##.###.#
##'.....'## ##.##'## #.......#
##'...##
#.......###########.....#
######.......'.........'.....#


There were no monsters in sight!

Vanquished Creatures
  Kirke (Lair:3)
  Gastronok (Lair:2)
  2 thorn hunters
  An orc warlord (Orc:1)
  A deep elf sorcerer (Elf:2)
  6 eleionomae
  A deep elf demonologist (Elf:1)
  A fire dragon (D:14)
  A deep elf death mage (Elf:2)
  A shambling mangrove (Swamp:1)
  Harold (D:9)
  3 ghost crabs
  Erica (Lair:1)
  A boulder beetle (D:12)
  A catoblepas (Lair:4)
  3 centaur warriors
  7 alligators
  6 dancing weapons
  2 death knights
  3 two-headed ogres
  9 death yaks
  2 orc high priests (Orc:2)
  A tengu warrior (D:14)
  3 deep elf knights
  7 skeletal warriors
  6 goliath frogs
  5 spriggan druids
  3 swamp dragons (Swamp:2)
  A death drake (Swamp:3)
  6 deep elf archers
  6 orc knights
  2 bog bodies
  A phantasmal warrior (D:13)
  2 wizards (D:14)
  10 deep elf zephyrmancers
  8 deep elf pyromancers
  A mana viper (shapeshifter) (Elf:2)
  8 ugly things
  An orc sorcerer (Orc:2)
  2 cyclopes
  A manticore (D:13)
  A torpor snail (Lair:2)
  2 black mambas (Lair:5)
  17 elephants
  An unseen horror (D:11)
  3 gargoyles (D:12)
  20 cane toads
  An efreet (D:14)
  4 kobold demonologists
  7 komodo dragons
  2 freezing wraiths
  A tengu conjurer (D:14)
  3 rime drakes
  6 trolls
  3 meliai (D:14)
  14 hornets
  2 polar bears (Lair:4)
  4 tyrant leeches
  26 blink frogs
  9 slime creatures
  4 dream sheep (Lair:4)
  2 air elementals (Elf:1)
  A culicivora (shapeshifter) (D:14)
  5 shadows
  14 spriggans
  A water elemental (Elf:1)
  2 yaks (shapeshifter) (D:14)
  3 wyverns
  3 hogs (Lair:3)
  A human (shapeshifter) (Elf:1)
  3 wraiths
  A fire elemental (Elf:2)
  38 yaks
  4 basilisks
  A human (Lair:3)
  9 vampire mosquitoes
  3 steam dragons
  6 wargs
  Edmund (D:6)
  2 acid dragons (D:10)
  A death yak simulacrum (Lair:5)
  9 swamp worms
  2 hell hounds (Orc:2)
  11 water moccasins
  29 orc warriors
  2 swamp drakes
  5 sky beasts
  3 black bears
  2 ice beasts
  22 ogres
  9 wolves (Lair:4)
  4 phantoms
  A kobold brigand (D:13)
  20 bullfrogs
  3 necrophages
  An earth elemental (Elf:1)
  5 scorpions
  8 wights
  An elephant simulacrum (Lair:5)
  22 killer bees
  4 howler monkeys
  2 troll zombies (D:12)
  An electric eel (Lair:5)
  A lava snake (D:8)
  18 orc priests
  3 hounds
  2 jellies
  6 iguanas
  15 orc wizards
  Ijyb (D:3)
  Terence (D:3)
  A polar bear simulacrum (Lair:5)
  2 wolf simulacra (Lair:5)
  6 ogre zombies (D:12)
  Robin (D:3)
  4 adders
  7 gnolls
  2 shadow imps
  3 white imps
  An ufetubus (D:4)
  2 worms
  4 dart slugs
  48 orcs
  3 ball pythons
  5 endoplasms
  3 giant cockroaches
  26 goblins
  12 hobgoblins
  3 jackals
  2 quokkas
  8 bats
  A frilled lizard (D:1)
  2 goblin skeletons (D:12)
  5 goblin zombies (D:12)
  3 hobgoblin zombies (D:12)
  13 kobolds
  2 orc skeletons (D:12)
  13 orc zombies (D:12)
  4 rats
  7 briar patches (Swamp:1)
  A bush (Lair:5)
767 creatures vanquished.

Vanquished Creatures (others)
  A deep elf knight (Elf:2)
  A deep elf zephyrmancer (Elf:2)
  A deep elf archer (Elf:2)
  7 deep elf pyromancers (Elf:2)
  A salamander (shapeshifter) (Elf:2)
  4 bloated husks
  3 hornets (Swamp:2)
  A polar bear (shapeshifter) (Elf:2)
  An air elemental (Elf:2)
  2 spriggans (Swamp:2)
  A water elemental (Elf:2)
  A fire elemental (Elf:2)
  A yak (Lair:3)
  A human (Lair:3)
  A swamp drake (Swamp:1)
  3 briar patches
  A bush (D:7)
  71 fungi
  133 plants
  4 starspawn tentacles (Elf:2)
  2 withered plants (D:9)
241 creatures vanquished.

Grand Total: 1008 creatures vanquished

Notes
Turn   | Place    | Note
-------+----------+-------------------------------------------
     0 | Abyss:1  | nightchill the Demonspawn Abyssal Knight began the quest
                  | for the Orb.
     0 | Abyss:1  | Reached XP level 1. HP: 18/18 MP: 2/2
     1 | D:1      | Escaped the Abyss
   162 | D:1      | Reached skill level 2 in Axes
   169 | D:1      | Found a faded altar of an unknown god.
   289 | D:1      | Gained mutation: You have large cloven feet. [demonic
                  | ancestry]
   289 | D:1      | Reached XP level 2. HP: 24/24 MP: 4/4
  1007 | D:2      | Gained mutation: You are partially covered in molten
                  | scales. (AC +2) [demonic ancestry]
  1007 | D:2      | Reached XP level 3. HP: 19/29 MP: 5/5
  1308 | D:2      | Reached *** piety under Lugonu
  1539 | D:3      | Noticed Robin
  1558 | D:3      | Killed Robin
  1559 | D:3      | Reached skill level 3 in Axes
  1606 | D:3      | Reached XP level 4. HP: 35/35 MP: 6/6
  1676 | D:3      | Identified the +3 leather armour "Hiagas" {rC++ Str-3}
  1796 | D:3      | Noticed Terence
  1800 | D:3      | Noticed Sigmund
  1868 | D:3      | Killed Terence
  2006 | D:3      | Noticed Ijyb
  2074 | D:3      | Banished Sigmund
  2075 | D:3      | Reached skill level 4 in Axes
  2075 | D:3      | Gained mutation: You are mostly covered in molten scales.
                  | (AC +3) [demonic ancestry]
  2075 | D:3      | Reached XP level 5. HP: 42/42 MP: 8/8
  2075 | D:3      | Reached XP level 6. HP: 48/48 MP: 9/9
  2171 | D:3      | Killed Ijyb
  2222 | D:3      | Found an ornate altar of the Wu Jian Council.
  2938 | D:4      | Reached skill level 5 in Invocations
  3444 | D:4      | Reached skill level 5 in Axes
  3444 | D:4      | Gained mutation: Your demonic aura sometimes causes spilled
                  | blood to erupt in flames. [demonic ancestry]
  3444 | D:4      | Reached XP level 7. HP: 35/55 MP: 11/11
  4005 | D:4      | Reached skill level 5 in Fighting
  4103 | D:5      | Entered Level 5 of the Dungeon
  4103 | D:5      | Noticed Menkaure
  4506 | D:5      | Found a staircase to the Ecumenical Temple.
  4529 | D:5      | Noticed Duvessa
  4530 | D:5      | Noticed Dowan
  4532 | D:5      | Banished Duvessa
  4536 | D:5      | Banished Dowan
  4537 | D:5      | Reached skill level 6 in Axes
  4638 | D:5      | Reached XP level 8. HP: 63/63 MP: 12/12
  4731 | D:5      | Banished Menkaure
  5428 | D:6      | Reached skill level 7 in Axes
  6444 | D:6      | Gained mutation: Your demonic aura often causes spilled
                  | blood to erupt in flames. [demonic ancestry]
  6444 | D:6      | Reached XP level 9. HP: 47/70 MP: 15/15
  6715 | D:6      | Noticed Edmund
  6734 | D:6      | Killed Edmund
  6735 | D:6      | Reached skill level 8 in Axes
  7213 | D:6      | Found a shimmering blue altar of Sif Muna.
  7310 | D:6      | Reached **** piety under Lugonu
  8011 | D:7      | Reached skill level 9 in Axes
  8711 | D:7      | Noticed a tengu conjurer
  8712 | D:7      | Banished a tengu conjurer
  8713 | D:7      | Gained mutation: You regenerate magic rapidly. [demonic
                  | ancestry]
  8713 | D:7      | Reached XP level 10. HP: 79/80 MP: 17/17
  8892 | D:7      | Reached skill level 10 in Invocations
  8909 | D:7      | Reached skill level 10 in Axes
  9755 | D:7      | Found a stormy altar of Qazlal.
 10857 | D:8      | Noticed a red ugly thing
 10860 | D:8      | Banished a red ugly thing
 11047 | D:8      | Noticed Amaemon
 11047 | D:8      | Noticed an orange demon
 11049 | D:8      | Banished Amaemon
 11050 | D:8      | Reached skill level 11 in Axes
 11050 | D:8      | Banished an orange demon
 11210 | D:8      | Paralysed by a hornet for 2 turns
 11448 | D:8      | Found a transporter.
 11448 | D:8      | Noticed diceflayer's ghost (novice DsHu)
 11653 | D:8      | Reached XP level 11. HP: 89/89 MP: 19/19
 11801 | D:8      | Found a transporter.
 12046 | D:9      | Found Sovugyl's Weapon Boutique.
 12090 | D:9      | Found an ancient bone altar of Kikubaaqudgha.
 12111 | D:9      | Noticed Harold
 12122 | D:9      | Killed Harold
 12572 | D:9      | Found Hifiu's Antique Weapon Shoppe.
 12581 | D:9      | Bought a runed broad axe for 238 gold pieces
 12769 | D:9      | Found Tyeg's Assorted Antiques.
 13027 | D:10     | Entered Level 10 of the Dungeon
 13133 | D:10     | Found Dahaumuli's Antique Armour Shop.
 13532 | D:10     | Noticed Nergalle
 13533 | D:10     | Banished Nergalle
 13534 | D:10     | Reached skill level 12 in Axes
 13600 | D:10     | Noticed Psyche
 13604 | D:10     | Banished Psyche
 14095 | D:11     | Noticed Lodul
 14119 | D:11     | Noticed Lodul
 14119 | D:11     | Lodul changed into Lodul the swamp drake
 14125 | D:11     | Reached skill level 10 in Fighting
 14125 | D:11     | Killed Lodul the swamp drake
 14224 | D:11     | Found Couxil's Antique Armour Emporium.
 14416 | D:11     | Noticed Snorg
 14417 | D:11     | Noticed a purple ugly thing
 14426 | D:11     | Noticed a two-headed ogre
 14431 | D:11     | Found a stormy altar of Qazlal.
 14772 | D:11     | Banished Snorg
 14773 | D:11     | Banished a purple ugly thing
 14862 | D:11     | Banished a two-headed ogre
 14985 | D:11     | Found a staircase to the Lair.
 15331 | D:11     | Gained mutation: You are completely covered in molten
                  | scales. (AC +4, rF+) [demonic ancestry]
 15331 | D:11     | Reached XP level 12. HP: 70/98 MP: 21/21
 15806 | Lair:1   | Entered Level 1 of the Lair of Beasts
 15822 | Lair:1   | Reached skill level 13 in Axes
 16275 | Lair:1   | Noticed Erica
 16287 | Lair:1   | Killed Erica
 16756 | Lair:2   | Noticed Gastronok
 16832 | Lair:2   | Killed Gastronok
 17510 | Lair:2   | Found a hole to the Spider Nest.
 17834 | Lair:2   | Reached skill level 14 in Axes
 18089 | Lair:2   | You fall into a shaft and drop 2 floors!
 18274 | Lair:4   | Noticed Rupert
 18278 | Lair:4   | Banished Rupert
 18383 | Lair:4   | Noticed a catoblepas
 18484 | Lair:4   | Killed a catoblepas
 18485 | Lair:4   | Reached XP level 13. HP: 97/107 MP: 23/23
 18813 | Lair:3   | Noticed Kirke
 19098 | Lair:4   | Reached skill level 15 in Invocations
 19107 | Lair:4   | Reached skill level 15 in Axes
 21108 | Lair:3   | Killed Kirke
 22481 | D:12     | Found a flickering gateway to a bazaar.
 22491 | Bazaar   | Entered a bazaar
 22491 | Bazaar   | Found Piumui's General Store.
 22491 | Bazaar   | Found Faguxan's Antique Weapon Shop.
 22532 | Bazaar   | Found Ziesyerph's Antique Armour Shop.
 22554 | Bazaar   | Bought a potion of heal wounds for 55 gold pieces
 22554 | Bazaar   | Bought a scroll of identify for 22 gold pieces
 22569 | Bazaar   | Bought a pair of embroidered gloves for 105 gold pieces
 22604 | D:12     | Found a staircase to the Orcish Mines.
 22691 | D:12     | Reached ***** piety under Lugonu
 23334 | D:12     | Reached skill level 16 in Axes
 23334 | D:12     | Gained mutation: You have hoof-like feet. [demonic
                  | ancestry]
 23334 | D:12     | Reached XP level 14. HP: 116/116 MP: 25/25
 23561 | D:12     | You fall into a shaft and drop 3 floors!
 23561 | D:15     | Entered Level 15 of the Dungeon
 23817 | D:14     | Reached skill level 5 in Armour
 24376 | Orc:1    | Entered Level 1 of the Orcish Mines
 24742 | Orc:2    | Entered Level 2 of the Orcish Mines
 24752 | Orc:2    | Noticed an orc warlord
 24753 | Orc:2    | Found Hoej's Antique Weapon Shop.
 25264 | Orc:2    | Found Dewuoj's Book Shoppe.
 25587 | Orc:2    | Found Supaonlo's General Store.
 26165 | Orc:1    | Killed an orc warlord
 26477 | Orc:2    | Found Rommy's Antique Armour Shop.
 26985 | Orc:2    | Found a staircase to the Elven Halls.
 27319 | D:10     | Bought the +3 pair of gauntlets of War {Slay+5} for 1330
                  | gold pieces
 27319 | D:10     | Found the +3 pair of gauntlets of War {Slay+5}
 27471 | D:13     | Reached ****** piety under Lugonu
 27879 | D:12     | Identified a +3 war axe of distortion (a +1 war axe
                  | corrupted by Lugonu)
 27879 | D:12     | Received a gift from Lugonu
 28039 | D:13     | Identified a scroll of acquirement
 28040 | D:13     | Acquired the +8 orange crystal plate armour {Archmagi,
                  | Int+3 Clar}
 28040 | D:13     | Found the +8 orange crystal plate armour {Archmagi, Int+3
                  | Clar}
 28149 | D:13     | Reached skill level 17 in Axes
 29285 | D:11     | Bought a buckler for 139 gold pieces
 29658 | D:14     | Reached skill level 1 in Shields
 30097 | D:14     | Reached XP level 15. HP: 125/125 MP: 26/26
 30187 | D:14     | Found a gate to the Vaults.
 30353 | Elf:1    | Entered Level 1 of the Elven Halls
 30501 | Lair:5   | Entered Level 5 of the Lair of Beasts
 30627 | Lair:5   | Found a viscous altar of Jiyva.
 30628 | Lair:5   | Found a staircase to the Slime Pits.
 30924 | Lair:5   | Identified the +4 sling of Honour {freeze, rC+}
 31175 | Lair:5   | Reached skill level 18 in Axes
 31965 | Lair:3   | Found a staircase to the Swamp.
 31981 | Swamp:1  | Entered Level 1 of the Swamp
 32059 | Swamp:1  | Noticed a thorn hunter
 32061 | Swamp:1  | Found a runed translucent door.
 32062 | Swamp:1  | Found a shimmering altar of Xom.
 32062 | Swamp:1  | Noticed popps's ghost (adept MiBe)
 32064 | Swamp:1  | Identified the +1 broad axe of Mutollyz {chaos, rCorr}
 32081 | Swamp:1  | Killed a thorn hunter
 32255 | Swamp:1  | Paralysed by a hornet for 2 turns
 32262 | Swamp:1  | Reached skill level 5 in Shields
 33327 | Swamp:2  | Gained mutation: When hurt, damage is shared between your
                  | health and your magic reserves. [demonic ancestry]
 33327 | Swamp:2  | Reached XP level 16. HP: 113/134 MP: 21/28
 33709 | Swamp:2  | Reached skill level 15 in Fighting
 34484 | Swamp:3  | Noticed a thorn hunter
 35381 | Swamp:3  | Killed a thorn hunter
 35998 | Elf:1    | Paralysed by an air elemental for 1 turns
 36026 | Elf:1    | Noticed a Hell Sentinel
 36323 | Elf:1    | Got the Meditations on the Flock
 36482 | Elf:1    | Paralysed by an air elemental for 1 turns
 36722 | Elf:1    | Reached skill level 10 in Armour
 37030 | Elf:1    | Identified the +10 sling "Edipew" {freeze, Drain rElec
                  | rPois rCorr}
 37119 | Elf:2    | Corrupted Elf:2
 37119 | Elf:2    | Noticed a lich
 37890 | Elf:2    | Noticed Aizul
 37905 | Elf:2    | HP: 4/138 [poisoned by Aizul (bolt of poison)]
 37906 | Elf:1    | Succumbed to Aizul's bolt of poison

Illustrated notes

Levels and vault maps discovered:
D:1:      heliophobic_arrival_enchanted_forest, layout_loops_ring,
          basic_ecumenical_altar
D:2:      layout_basic
D:3:      layout_loops_ring, nzn_wu_jian_council_hall, uniq_terence, uniq_ijyb,
          uniq_sigmund, uniq_robin
D:4:      minmay_razor_zed, layout_basic, minmay_misc_feat_room
D:5:      layout_rooms, temple_statues, uniq_menkaure, uniq_duvessa
D:6:      layout_cave_pools, led_sif_pool, minmay_ogre_servants, uniq_edmund
D:7:      nzn_winding_woodlands_stair_cross [nzn_winding_woodlands_5x15_parted,
          nzn_winding_woodlands_center_diamonds,
          nzn_winding_woodlands_5x15_zeroes,
          nzn_winding_woodlands_5x5_checkerboard,
          nzn_winding_woodlands_5x5_three,
          nzn_winding_woodlands_5x15_pathside_ponds,
          nzn_winding_woodlands_center_garden,
          nzn_winding_woodlands_5x15_longhouse], layout_gridville,
          kennysheep_little_box, serial_glass, glass_columns_a, glass_columns_b,
          glass_columns_a, glass_columns_c, glass_columns_a, glass_columns_a,
          glass_columns_b, glass_columns_c, glass_columns_a, glass_columns_b,
          minmay_hedge_maze
D:8:      layout_loops_ring, gammafunk_ghost_stat_death, kennysheep_island_fort,
          uniq_amaemon
D:9:      layout_gridville, kiku_gazebo_garden_becter, serial_shops, shop,
          nicolae_stop_n_shop_1, nicolae_shop_statue_plus, uniq_harold
D:10:     layout_cave_pools, serial_shops, shop, nicolae_titane, uniq_nergalle,
          uniq_psyche
D:11:     layout_basic, erik_lair_orcish_takeover, serial_shops, shop_statue,
          nicolae_qazlal_scattered_showers, uniq_lodul, uniq_snorg
D:12:     layout_basic, zombieorc2_lemuel, serial_shops, bzr_entry_water
D:13:     layout_irregular_city, grunt_decor_one_mirror, minmay_misc_feat_iff
D:14:     layout_irregular_city, david_vaults_1, minmay_circle_x
D:15:     grunt_enter_depths_snipers, layout_cross, minmay_misc_feat_encased,
          zin_treasury
Lair:1:   layout_regular_city, serial_forest, infiniplex_forest_lined_room_,
          infiniplex_forest_clump_small, infiniplex_forest_straight_4,
          infiniplex_forest_end_1, infiniplex_forest_clump_double,
          infiniplex_forest_lined_room_2, infiniplex_forest_split,
          infiniplex_forest_end_1, infiniplex_forest_end_2, uniq_erica
Lair:2:   layout_concentric_octagons, hellmonk_spider_entry_not_the_bees,
          minivault_26, st_stairs_4, uniq_gastronok
Lair:3:   layout_small_grid, palyth_hydra_swamp_entry, uniq_kirke
Lair:4:   layout_cave_pods, uniq_rupert
Lair:5:   minmay_lair_end_frog_pond, layout_regular_city, slime_entry_1,
          portal_ice_cave_entry_ice_simulacra, grunt_forest_stairs_basic
Swamp:1:  layout_basic_swamp, ebering_ghost_xom, hangedman_swamp_cone,
          swamp_pool3
Swamp:2:  layout_basic_swamp, evilmike_swamp_ruin_house_4
Swamp:3:  layout_falls_marsh, hangedman_swamp_ruin_wall, swamp_pool1
Orc:1:    layout_caves
Orc:2:    grunt_orc_gardens, layout_diamond_mine, grunt_orc_garden,
          grunt_orc_garden, grunt_orc_garden, grunt_orc_garden, enter_volcano_3
Elf:1:    layout_geoelf_diagonals, minmay_elf_demonology
Elf:2:    elven_hall_of_blades_hangedman_alternative
          [mumra_blade_entry_bloodbath], layout_loops_corners, evilmike_ambush
          [evilmike_ambush_outer_pillars, evilmike_ambush_inner_basic],
          uniq_aizul, uniq_nikola

Skill      XL: |  1  2  3  4  5  6  7  8  9 10 11 12 13 14 15 16 |
---------------+-------------------------------------------------+-----
Axes           | 2 3 4 5 6 7 9 11 12 14 16 17 18 | 18.0
Invocations    | 3 4 5 6 8 9 11 13 14 15 16 17 | 17.7
Fighting       | 4 5 6 7 9 10 11 12 13 14 16 | 16.0
Armour         | 4 7 8 10 | 10.4
Shields        | 1 5 |  5.0
Dodging        | |  0.8

Action                   |  1- 3 |  4- 6 |  7- 9 | 10-12 | 13-15 | 16-18 || total
-------------------------+-------+-------+-------+-------+-------+-------++-------
Melee: Hand axe          |   117 |   101 |    71 |       |       |       ||   289
       Kick              |    13 |    23 |   105 |   164 |    45 |       ||   350
       Punch             |     1 |       |     2 |     4 |    13 |       ||    20
       War axe           |       |       |   243 |   162 |    51 |       ||   456
       Broad axe         |       |       |       |   315 |  1054 |   343 ||  1712
 Fire: Sling             |       |       |       |       |     2 |       ||     2
Throw: Boomerang         |       |       |    14 |       |       |       ||    14
Invok: Banish            |       |     2 |     5 |    16 |    12 |     1 ||    36
       Bend Space        |       |       |       |     2 |     3 |     2 ||     7
       Brand Weapon With |       |       |       |       |     1 |       ||     1
       Corrupt           |       |       |       |       |       |     1 ||     1
Evoke: Wand              |       |       |       |     5 |     1 |       ||     6
       Phantom mirror    |       |       |       |     1 |       |       ||     1
  Use: Scroll            |       |     5 |     6 |    11 |    18 |     1 ||    41
       Potion            |       |     2 |       |     4 |     4 |     5 ||    15
 Stab: Confused          |       |       |       |       |     2 |       ||     2
Armor: Leather armour    |    29 |       |       |       |       |       ||    29
       Storm dragon scal |    61 |    76 |   208 |   394 |   375 |    54 ||  1168
       Skin              |       |    17 |       |    36 |       |       ||    53
       Crystal plate arm |       |       |       |       |   412 |   112 ||   524
       Swamp dragon scal |       |       |       |       |       |    43 ||    43
Dodge: Dodged            |    60 |    43 |   106 |   181 |   222 |   105 ||   717
Block: Buckler           |       |       |       |       |    64 |    46 ||   110
